 Dungeon Crawl Stone Soup version 0.19.1 (webtiles) character file.

102 nikopol the Skirmisher (level 4, -4/29 HPs)
             Began as a Gargoyle Berserker on Dec 25, 2016.
             Was a Believer of Trog.
             Slain by an orc priest
             ... wielding a +0 club
              (6 damage)
             ... on level 3 of the Dungeon.
             The game lasted 00:04:58 (2076 turns).

nikopol the Skirmisher (Gargoyle Berserker)         Turns: 2076, Time: 00:04:59

Health: -4/29      AC:  6    Str: 20    XL:     4   Next: 77%
Magic:  4/4        EV: 11    Int:  8    God:    Trog [**....]
Gold:   72         SH:  0    Dex: 10    Spells: 0 memorised, 3 levels left

rFire  . . .     SeeInvis .     a - +2 hand axe (elec)
rCold  . . .     Gourm    .     h - +0 ring mail
rNeg   + . .     Faith    .     (no shield)
rPois  ∞         Spirit   .     j - +0 helmet
rElec  +         Reflect  .     (no cloak)
rCorr  .         Harm     .     (no gloves)
MR     .....                    (no boots)
Stlth  ..........               (no amulet)
                                (no ring)
                                (no ring)

@: corroded
A: negative energy resistance 1, electricity resistance, unbreathing,
petrification resistance, rot immunity, AC +3
a: Berserk, Trog's Hand, Burn Spellbooks, Renounce Religion


You were on level 3 of the Dungeon.
You worshipped Trog.
Trog was pleased with you.
You were not hungry.

You visited 1 branch of the dungeon, and saw 3 of its levels.

You collected 72 gold pieces.

Inventory:

Hand Weapons
 a - a +2 hand axe of electrocution (weapon)
 t - a +0 hand axe
Missiles
 g - 51 arrows (quivered)
Armour
 b - a +0 animal skin
 h - a +0 ring mail (worn)
 j - a +0 helmet (worn)
 r - a +0 scale mail
Jewellery
 l - an uncursed ring of resist corrosion {unknown}
Scrolls
 d - a scroll of remove curse {unknown}
 f - 2 scrolls of fog {unknown}
 k - a scroll of fear {unknown}
 m - a scroll of enchant armour {unknown}
 n - a scroll of immolation {unknown}
 p - a scroll of random uselessness {unknown}
Potions
 e - a potion of brilliance {unknown}
 o - a potion of ambrosia {unknown}
 q - 2 potions of resistance {unknown}
Comestibles
 c - 2 bread rations
 i - a beef jerky
 s - 2 chunks of flesh


   Skills:
 + Level 4.1 Fighting
 + Level 3.3 Axes
 + Level 2.9 Armour
 + Level 2.5 Dodging


You had 3 spell levels left.
You didn't know any spells.

Dungeon Overview and Level Annotations

Branches:
Dungeon (3/15)

Altars:
Makhleb
Zin


Innate Abilities, Weirdness & Mutations

You are resistant to torment.
Your stone body is resilient. (AC +3)
You are immune to poison.
You resist negative energy. (rN+)
You are resistant to electric shocks. (rElec)
You can survive without breathing.
You are immune to petrification.
You are immune to rotting.


Message History

The orc priest shouts!
The orc priest zaps a wand.
The bolt of acid hits you!
Ouch! That really hurt!
The acid corrodes you!
You are splashed with acid!
The acid burns!
* * * LOW HITPOINT WARNING * * *
It is a wand of acid.
A kobold comes into view. It is wielding a dagger of venom.
You are too injured to fight recklessly!
You are too injured to fight recklessly!
You are too injured to fight recklessly!
The kobold shouts!
The orc priest barely misses you.
The kobold unwields an uncursed dagger of venom.
It stops dripping with poison.
The kobold wields a blowgun.
The kobold shoots a poisoned needle.
The poisoned needle hits you!
You see here a poisoned needle.
A hobgoblin comes into view.
The hobgoblin shouts!
The orc priest hits you with a club.
You die...

.#....####)............
.#.....)[>###..<##.....#
.#..#.###.# ##...........
.##.#.###.# ###.#....K..
..........# .........
............# #........
..........#.# #.......
............#####....##
..........#.....@o...####
.........g..#..##(.......
###########<...#.........
# #..........###. ##
#..........# .#
#####.....#.....###
.#####......####........
.....)(..######........#
###.......[........#####


You could see an orc priest, a hobgoblin and a kobold.

Vanquished Creatures
  A worker ant (D:3)
  3 adders (D:2)
  A dart slug (D:1)
  2 leopard geckos
  3 orcs (D:3)
  4 bats
  3 giant cockroaches
  2 goblins (D:1)
  9 hobgoblins
  6 kobolds
  2 frilled lizards
  8 rats
44 creatures vanquished.

Notes
Turn   | Place    | Note
-------+----------+-------------------------------------------
     0 | D:1      | nikopol the Gargoyle Berserker began the quest for the Orb.
     0 | D:1      | Reached XP level 1. HP: 14/14 MP: 1/1
     0 | D:1      | Noticed a minotaur zombie
     7 | D:1      | Noticed a minotaur zombie
   122 | D:1      | Reached XP level 2. HP: 12/19 MP: 2/2
   795 | D:1      | Reached XP level 3. HP: 23/23 MP: 3/3
  1317 | D:2      | Found a burning altar of Makhleb.
  1323 | D:2      | Found a glowing silver altar of Zin.
  1323 | D:2      | Noticed an Executioner
  1323 | D:2      | Noticed an angel
  1474 | D:2      | Reached ** piety under Trog
  1685 | D:2      | Reached XP level 4. HP: 29/29 MP: 4/4
  1842 | D:3      | Reached skill level 4 in Fighting
  2076 | D:3      | Slain by an orc priest

Skill      XL: |  1  2  3  4 |
---------------+-------------+-----
Dodging        | 2 |  2.5
Axes           | 3 |  3.3
Fighting       | 4 |  4.1
Armour         | |  2.9

Action                   |  1- 3 |  4- 6 || total
-------------------------+-------+-------++-------
Melee: Hand axe          |   137 |    52 ||   189
Invok: Berserk           |     1 |       ||     1
  Eat: Chunk             |     3 |     2 ||     5
Armor: Animal skin       |     8 |       ||     8
       Ring mail         |    54 |    25 ||    79
Dodge: Dodged            |    85 |    42 ||   127
